 Dungeon Crawl Stone Soup version 0.20-a0-641-g673355a (webtiles) character file.

65 Laan the Magician (level 3, -1/19 HPs)
             Began as a Deep Elf Fire Elementalist on Feb 14, 2017.
             Slain by a leopard gecko (3 damage)
             ... on level 2 of the Dungeon.
             The game lasted 00:03:59 (1069 turns).

Laan the Magician (Deep Elf Fire Elementalist)      Turns: 1069, Time: 00:03:59

Health: -1/19      AC:  2    Str:  5    XL:     3   Next: 94%
Magic:  0/10       EV: 13    Int: 20    God:
Gold:   45         SH:  0    Dex: 15    Spells: 9/10 levels left

rFire    . . .     SeeInvis .   k - +0 spear (curse)
rCold    . . .     Gourm    .   a - +0 robe
rNeg     . . .     Faith    .   (no shield)
rPois    .         Spirit   .   (no helmet)
rElec    .         Reflect  .   (no cloak)
rCorr    .         Harm     .   (no gloves)
MR       .....                  (no boots)
Stlth    ++........             (no amulet)
Regen    0.1/turn               (no ring)
MPRegen  0.2/turn               (no ring)

@: very slightly contaminated
A: no striking features
a: no special abilities


You were on level 2 of the Dungeon.
You were not hungry.

You visited 1 branch of the dungeon, and saw 2 of its levels.

You collected 45 gold pieces.

Inventory:

Hand Weapons
 k - a cursed +0 spear (weapon)
Armour
 a - a +0 robe (worn)
Scrolls
 e - a scroll of identify {unknown}
 f - a scroll of immolation {unknown}
 g - a scroll of amnesia {unknown}
 h - a scroll of fear {unknown}
 j - 3 scrolls of random uselessness {unknown}
Potions
 d - a potion of resistance {unknown}
 i - a potion of curing {unknown}
Books
 b - a book of Flames

   Spells                             Type                      Level
   a - Flame Tongue                   Conjuration/Fire             1
   b - Throw Flame                    Conjuration/Fire             2
   c - Conjure Flame                  Conjuration/Fire             3
   d - Inner Flame                    Hexes/Fire                   3
   e - Sticky Flame                   Conjuration/Fire             4
   f - Fireball                       Conjuration/Fire             5
Comestibles
 c - a bread ration


   Skills:
 - Level 2.4 Dodging
 - Level 2.4 Stealth
 + Level 4.0 Spellcasting
 * Level 3.5 Conjurations
 - Level 3.2 Fire Magic


You had 9 spell levels left.
You knew the following spells:

 Your Spells              Type           Power        Failure   Level  Hunger
a - Flame Tongue          Conj/Fire      ###..        3%          1    None


Dungeon Overview and Level Annotations

Branches:
Dungeon (2/15)

Altars:
Ashenzari
Dithmenos


Message History

The leopard gecko is heavily wounded.
The leopard gecko bites you.
* * * LOW HITPOINT WARNING * * *
You miss the leopard gecko.
The leopard gecko is heavily wounded.
The leopard gecko misses you.
The leopard gecko bites you but does no damage.
Casting: Flame Tongue
Confirm with . or Enter, or press ? or * to list all spells.
Aiming: Flame Tongue
Press: ? - help, Shift-Dir - straight line, f - leopard gecko
Aim: a leopard gecko (heavily wounded, clinging)
The flame tongue hits the leopard gecko.
The leopard gecko appears unharmed.
The leopard gecko is heavily wounded.
The leopard gecko barely misses you.
You hit the leopard gecko.
The leopard gecko is severely wounded.
The leopard gecko bites you.
You die...

#. .# .. ..#.# #
.. ...# .. #.
...## #.. ##.
#..% #..#.. ##.#
##.....##..#####
........†......#
.....†.@l##..#.#
#..._...####.#.#
......... ..#.#
.............#<#
##.....##..#####
#..#.. ##..
#..###. #.## ...
#. #


You could see a leopard gecko.

Vanquished Creatures
  An adder (D:1)
  An ooze (D:1)
  2 dart slugs (D:1)
  2 leopard geckos (D:1)
  3 giant cockroaches (D:1)
  5 hobgoblins
  4 jackals
  2 kobolds (D:1)
  A quokka (D:2)
  4 bats (D:1)
  3 frilled lizards (D:1)
  6 goblins (D:1)
  9 rats (D:1)
43 creatures vanquished.

Notes
Turn   | Place    | Note
-------+----------+-------------------------------------------
     0 | D:1      | Laan the Deep Elf Fire Elementalist began the quest for the Orb.
     0 | D:1      | Reached XP level 1. HP: 10/10 MP: 6/6
     0 | D:1      | Noticed a black draconian
     0 | D:1      | Noticed a shadow dragon
     0 | D:1      | Noticed a tentacled monstrosity
     2 | D:1      | Noticed a large abomination
     4 | D:1      | Noticed a large abomination
     6 | D:1      | Noticed an iron dragon
     7 | D:1      | Noticed an ice dragon
     8 | D:1      | Noticed a shadow dragon
    10 | D:1      | Noticed a tentacled monstrosity
    12 | D:1      | Noticed a red draconian
    14 | D:1      | Noticed a tentacled monstrosity
    16 | D:1      | Noticed a tentacled monstrosity
    16 | D:1      | Noticed a tentacled monstrosity
    16 | D:1      | Noticed an ice dragon
    18 | D:1      | Noticed a tentacled monstrosity
    18 | D:1      | Noticed a shadow dragon
    20 | D:1      | Noticed an ice dragon
   123 | D:1      | Reached XP level 2. HP: 15/15 MP: 1/8
   307 | D:1      | Found a shattered altar of Ashenzari.
   393 | D:1      | Reached XP level 3. HP: 18/19 MP: 1/10
  1043 | D:2      | Found a shadowy altar of Dithmenos.
  1048 | D:2      | Reached skill level 4 in Spellcasting
  1069 | D:2      | Slain by a leopard gecko

Vault maps used:
D:1:      shiori_arrival_whats_in_store_for_you, st_stairs_1, nrook_mini_vaults,
          nicolae_ashenzari_panopticon
D:2:      wad_crossroads, first_bread, nicolae_dithmenos_shadow_blocks,
          uniq_robin

Skill      XL: |  1  2  3 |
---------------+----------+-----
Conjurations   | 2 3 |  3.5
Spellcasting   | 4 |  4.0
Dodging        | |  2.4
Stealth        | |  2.4
Fire Magic     | |  3.2

Action                   || total
-------------------------++-------
Melee: Spear             ||    10
 Cast: Flame Tongue      ||    83
Armor: Robe              ||     3
Dodge: Dodged            ||    34
